 Dungeon Crawl Stone Soup version 0.30-a0-1160-g6e42c06551 (webtiles) character file.

Game seed: 10801343986392936208

10766 retardedninja the Thaumaturge (level 11, -9/83 HPs)
             Began as a Gnoll Fire Elementalist on Apr 25, 2023.
             Was a Priest of Cheibriados.
             Mangled by a six-headed hydra (11 damage)
             ... on level 2 of the Lair of Beasts.
             The game lasted 00:20:26 (14468 turns).

retardedninja the Thaumaturge (GnFE)               Turns: 14468, Time: 00:20:27

Health: -9/83      AC:  6    Str: 20    XL:     11   Next: 67%
Magic:  12/32      EV: 22    Int: 25    God:    Cheibriados [***...]
Gold:   630        SH:  0    Dex: 20    Spells: 17/27 levels left

rFire   + . .        o - +6 mace of Death {freeze, rN+ Will+ Str+8}
rCold   . . .        (no shield)
rNeg    + + .        a - +0 robe
rPois   .            s - +0 helmet
rElec   .            B - +0 cloak
rCorr   .            r - +0 pair of gloves
SInv    +            (no boots)
Will    +....        z - amulet of regeneration
Stlth   ++++         y - ring "Bedghokoe" {rF+ rN+ MP+9 Str-3 SInv}
HPRegen 1.13/turn    E - +5 ring of evasion
MPRegen 0.23/turn

%: no passive effects
@: very slow
A: fangs 1, strong nose, distributed training
a: Renounce Religion, Bend Time, Temporal Distortion


You were on level 2 of the Lair of Beasts.
You worshipped Cheibriados.
Cheibriados was most pleased with you.
You visited 3 branches of the dungeon, and saw 12 of its levels.
You also visited: Ossuary.

You collected 688 gold pieces.
You spent 58 gold pieces at shops.

Inventory:

Hand Weapons
 o - the +6 mace of Death (weapon) {freeze, rN+ Will+ Str+8}
   (You found it on level 2 of the Dungeon)

   Str:       It affects your strength (+8).
   rN:        It protects you from negative energy.
   Will:      It increases your willpower.
Missiles
 w - a throwing net
Armour
 a - a +0 robe (worn)
 r - a +0 pair of gloves (worn)
 s - a +0 helmet (worn)
 B - a +0 cloak (worn)
Jewellery
 y - the ring "Bedghokoe" (left hand) {rF+ rN+ MP+9 Str-3 SInv}
   (You found it on level 4 of the Dungeon)

   [ring of see invisible]

   Str:       It affects your strength (-3).
   rF:        It protects you from fire.
   rN:        It protects you from negative energy.
   MP:        It affects your magic capacity (+9).
   SInv:      It lets you see invisible.
 z - an amulet of regeneration (around neck)
 E - a +5 ring of evasion (right hand)
 H - a ring of magical power
Wands
 D - a wand of flame (78)
 G - a wand of mindburst (6)
Scrolls
 e - 3 scrolls of poison
 g - a scroll of immolation
 h - a scroll of summoning {unknown}
 j - a scroll of teleportation {unknown}
 k - a scroll of noise
 l - a scroll of fear
 n - a scroll of brand weapon
 p - 3 scrolls of enchant weapon
 t - 2 scrolls of amnesia
 A - 3 scrolls of fog
Potions
 b - a potion of magic
 c - 5 potions of might
 d - 3 potions of curing
 f - 3 potions of attraction
 i - 3 potions of heal wounds
 m - 2 potions of degeneration
 q - 2 potions of resistance
 u - 3 potions of ambrosia {unknown}
 v - a potion of flight {unknown}
 x - 3 potions of berserk rage
 C - 2 potions of lignification {unknown}
 F - 2 potions of mutation {unknown}
 I - a potion of brilliance {unknown}


   Skills:
 + Level 6.7 Fighting
 + Level 6.7 Short Blades
 + Level 6.7 Long Blades
 + Level 6.7 Axes
 + Level 6.7 Maces & Flails
 + Level 6.7 Polearms
 + Level 6.7 Staves
 + Level 6.7 Ranged Weapons
 + Level 6.7 Throwing
 + Level 6.7 Armour
 + Level 8.2 Dodging
 + Level 8.0 Stealth
 + Level 6.7 Shields
 + Level 6.7 Unarmed Combat
 + Level 8.5 Spellcasting
 + Level 6.0 Conjurations
 + Level 5.6 Hexes
 + Level 5.6 Summonings
 + Level 5.6 Necromancy
 + Level 5.6 Translocations
 + Level 5.6 Transmutations
 + Level 7.9 Fire Magic
 + Level 5.6 Ice Magic
 + Level 5.6 Air Magic
 + Level 5.6 Earth Magic
 + Level 5.6 Poison Magic
 + Level 7.4 Invocations
 + Level 6.7 Evocations


You had 17 spell levels left.
You knew the following spells:

 Your Spells              Type           Power      Damage    Failure   Level
a - Foxfire               Conj/Fire      100%       2x1d9     1%          1
b - Scorch                Fire           100%       2d9       1%          2
c - Flame Wave            Conj/Fire      45%        2d12      3%          4
d - Inner Flame           Hex/Fire       44%        N/A       1%          3

Your spell library contained the following spells:

 Spells                   Type           Power      Damage    Failure   Level
 Magic Dart               Conj           100%       1d8       1%          1
 Call Imp                 Summ           76%        N/A       1%          2
 Cigotuvi's Dreadful Rot  Necr/Pois/Air  76%        N/A       1%          2
 Ensorcelled Hibernation  Hex/Ice        76%        N/A       1%          2
 Sublimation of Blood     Necr           38%        N/A       1%          2
 Dazzling Flash           Conj/Hex       78%        N/A       1%          3
 Frozen Ramparts          Ice            76%        1d12      1%          3
 Mephitic Cloud           Conj/Pois/Air  39%        N/A       1%          3
 Volatile Blastmotes      Fire/Tloc      88%        2d17      1%          3
 Ice Form                 Ice/Tmut       38%        N/A       5%          4
 Petrify                  Tmut/Erth      38%        N/A       5%          4
 Summon Ice Beast         Ice/Summ       38%        N/A       5%          4
 Irradiate                Conj/Tmut      19%        3d18      14%         5
 Agony                    Necr           38%        N/A       16%         5
 Silence                  Hex/Air        19%        N/A       16%         5


Dungeon Overview and Level Annotations

Branches:
Dungeon (9/15)             Temple (1/1) D:7            Lair (2/5) D:8
Ossuary (visited)
  Swamp: Lair:2-3    Shoals: Lair:2-3     Snake: Lair:2-3    Spider: Lair:2-3
    Orc: D:9-12

Altars:
Cheibriados
Dithmenos
Elyvilon
Fedhas
Gozag
Hepliaklqana
Kikubaaqudgha
Makhleb
Nemelex Xobeh
Qazlal
Ru
Sif Muna
Trog
Uskayaw
Wu Jian
Xom
Yredelemnul
Zin
The Shining One

Shops:
D:5 [

Annotations:
D:9 Joseph


Innate Abilities, Weirdness & Mutations

You have very sharp teeth.
Your uncanny sense of smell can sniff out nearby items.
Your experience applies equally to all skills.


Message History

A wave of flame ripples out!
The flame wave engulfs the six-headed hydra!
The six-headed hydra is severely wounded.
The flame wave engulfs the plant!!
The plant is lightly damaged.
You finish channelling waves of flame.
You hear a croak.
You hear a loud, deep croak! x2
The six-headed hydra completely misses you.
The six-headed hydra bites you. The six-headed hydra bites you!
The six-headed hydra bites you but does no damage.
The six-headed hydra barely misses you. The six-headed hydra bites you.
Unknown command.
The flow of time bends around you.
Cheibriados rebukes the six-headed hydra.
The six-headed hydra seems to slow down.
Casting: Flame Wave (dangerous; 3% risk of failure)
Confirm with . or Enter, or press ? or * to list all spells.
Casting: Flame Wave (dangerous; 3% risk of failure)
Press: ? - help, Dir - look around, f - activate A wave of flame ripples out!
The flame wave engulfs the six-headed hydra!
The six-headed hydra is almost dead. (Press . to intensify the flame waves.)
You hear an angry hiss.
A nearby plant withers and dies.
The six-headed hydra misses you. The six-headed hydra bites you!
* * * LOW HITPOINT WARNING * * *
The six-headed hydra bites you!
* * * LOW HITPOINT WARNING * * *
The six-headed hydra closely misses you.
The six-headed hydra bites you!
* * * LOW HITPOINT WARNING * * *
The six-headed hydra barely misses you.
A wave of flame ripples out!
The flame wave engulfs the six-headed hydra!
The six-headed hydra is almost dead.
You hear a loud, deep croak!
A komodo dragon comes into view.
The six-headed hydra bites you!
You die...

##......÷.......
##P....P#†..##P..
.......##..#.##..
#.P...#.....##..
##....P.........
#........P#.##.#
.##.#........## #
....#..D....##
.....).@.....## #
....#.........##..#
... #............#
#...........##
#.......÷P.#.# ∆
#...............
#.#.#...P#.#.##.~~
.l..###.####.##
#~≈# ....# #.. ##
~~#


You could see a six-headed hydra (slow) and a komodo dragon (wandering).

Vanquished Creatures
  A two-headed ogre (D:8)
  2 black mambas
  4 cane toads (Lair:1)
  2 komodo dragons
  3 rime drakes
  3 blink frogs (Lair:1)
  A wraith (Ossuary)
  Sigmund (D:6)
  4 yaks (Lair:1)
  A wyvern (Lair:1)
  A steam dragon (D:6)
  An acid dragon (D:6)
  9 water moccasins
  A sky beast (D:7)
  4 ice beasts
  2 orc warriors (D:7)
  A black bear (D:6)
  A centaur (D:6)
  3 ogres (D:6)
  12 wolves (Lair:1)
  A phantom (D:6)
  6 bullfrogs
  5 scorpions
  4 killer bees (D:7)
  2 howler monkeys
  6 orc priests
  2 jellies
  7 hounds
  2 gnoll boudas
  6 iguanas
  3 sleepcaps
  Natasha (thrice) (D:3)
  4 orc wizards
  A mummy (Ossuary)
  9 adders
  12 gnolls
  2 white imps
  2 ufetubi
  2 worms
  2 dart slugs
  29 orcs
  11 ball pythons
  7 endoplasms
  4 giant cockroaches
  16 goblins
  7 hobgoblins
  5 jackals
  7 quokkas
  8 bats
  5 frilled lizards
  9 gnoll skeletons (Ossuary)
  8 kobolds
  6 kobold skeletons (Ossuary)
  10 orc skeletons (Ossuary)
  A quokka zombie (D:8)
  6 rats
  A rat zombie (D:8)
  3 butterflies
281 creatures vanquished.

Vanquished Creatures (collateral kills)
  7 foxfires
7 creatures vanquished.

Vanquished Creatures (others)
  981 foxfires
  7 fungi
  7 plants
995 creatures vanquished.

Grand Total: 1283 creatures vanquished

Notes
Turn   | Place    | Note
-------+----------+-------------------------------------------
     0 | D:1      | retardedninja the Gnoll Fire Elementalist began the quest
                  | for the Orb.
     0 | D:1      | Reached XP level 1. HP: 13/13 MP: 6/6
   235 | D:1      | Reached XP level 2. HP: 19/19 MP: 3/7
   845 | D:1      | Reached skill level 5 in Spellcasting
   845 | D:1      | Reached XP level 3. HP: 25/25 MP: 5/9
  1286 | D:1      | Reached skill level 1 in Invocations
  1629 | D:2      | Reached skill level 1 in Fighting
  1629 | D:2      | Reached skill level 1 in Short Blades
  1629 | D:2      | Reached skill level 1 in Long Blades
  1629 | D:2      | Reached skill level 1 in Axes
  1629 | D:2      | Reached skill level 1 in Maces & Flails
  1629 | D:2      | Reached skill level 1 in Polearms
  1629 | D:2      | Reached skill level 1 in Staves
  1629 | D:2      | Reached skill level 1 in Ranged Weapons
  1629 | D:2      | Reached skill level 1 in Throwing
  1629 | D:2      | Reached skill level 1 in Armour
  1629 | D:2      | Reached skill level 1 in Shields
  1629 | D:2      | Reached skill level 1 in Unarmed Combat
  1629 | D:2      | Reached skill level 1 in Evocations
  1796 | D:2      | Identified the +6 mace of Death {freeze, rN+ Will+ Str+8}
  1913 | D:2      | Got Raocoa's Anthology of Charmed Toxicants
  1948 | D:2      | Learned a level 2 spell: Scorch
  2066 | D:2      | Reached XP level 4. HP: 32/32 MP: 8/11
  2718 | D:3      | Reached skill level 1 in Hexes
  2718 | D:3      | Reached skill level 1 in Summonings
  2718 | D:3      | Reached skill level 1 in Necromancy
  2718 | D:3      | Reached skill level 1 in Translocations
  2718 | D:3      | Reached skill level 1 in Transmutations
  2718 | D:3      | Reached skill level 1 in Ice Magic
  2718 | D:3      | Reached skill level 1 in Air Magic
  2718 | D:3      | Reached skill level 1 in Earth Magic
  2718 | D:3      | Reached skill level 1 in Poison Magic
  3352 | D:3      | Found a blossoming altar of Fedhas.
  3556 | D:3      | Noticed Natasha
  3562 | D:3      | Killed Natasha
  3563 | D:3      | Reached XP level 5. HP: 37/37 MP: 8/12
  3635 | D:3      | Found a glowing golden altar of the Shining One.
  3727 | D:3      | Noticed Natasha
  3731 | D:3      | Killed Natasha
  3740 | D:3      | Noticed Natasha
  3744 | D:3      | Killed Natasha
  4060 | D:4      | Reached XP level 6. HP: 44/44 MP: 10/13
  4080 | D:4      | Identified the ring "Bedghokoe" {rF+ rN+ MP+9 Str-3 SInv}
  4111 | D:4      | Found a sacrificial altar of Ru.
  4337 | D:4      | Reached skill level 5 in Dodging
  5554 | D:5      | Entered Level 5 of the Dungeon
  5664 | D:5      | Reached XP level 7. HP: 38/51 MP: 15/15
  5946 | D:5      | Reached skill level 5 in Stealth
  6400 | D:5      | Reached XP level 8. HP: 33/58 MP: 13/16
  6728 | D:5      | Found Jaam's Armour Boutique.
  6731 | D:5      | Bought a +0 cloak for 58 gold pieces
  7145 | D:6      | Noticed Sigmund
  7152 | D:6      | Killed Sigmund
  7254 | D:6      | Found a basalt altar of Yredelemnul.
  7775 | D:6      | Reached XP level 9. HP: 62/65 MP: 18/18
  7990 | D:6      | Found an ornate altar of the Wu Jian Council.
  8277 | D:6      | Reached skill level 5 in Invocations
  8557 | D:6      | Identified the +0 chain mail of the Soldier {rC+}
  9085 | D:6      | Identified the +0 trident "Inuhota" {antimagic, Str-3
                  | Dex+5}
  9812 | D:7      | Found a staircase to the Ecumenical Temple.
  9849 | Temple   | Entered the Ecumenical Temple
 10004 | Temple   | Became a worshipper of Cheibriados the Contemplative
 10463 | D:7      | Reached skill level 5 in Fighting
 10463 | D:7      | Reached skill level 5 in Short Blades
 10463 | D:7      | Reached skill level 5 in Long Blades
 10463 | D:7      | Reached skill level 5 in Axes
 10463 | D:7      | Reached skill level 5 in Maces & Flails
 10463 | D:7      | Reached skill level 5 in Polearms
 10463 | D:7      | Reached skill level 5 in Staves
 10463 | D:7      | Reached skill level 5 in Ranged Weapons
 10463 | D:7      | Reached skill level 5 in Throwing
 10463 | D:7      | Reached skill level 5 in Armour
 10463 | D:7      | Reached skill level 5 in Shields
 10463 | D:7      | Reached skill level 5 in Unarmed Combat
 10463 | D:7      | Reached skill level 5 in Evocations
 10463 | D:7      | Reached XP level 10. HP: 65/74 MP: 14/20
 11219 | D:7      | Learned a level 4 spell: Flame Wave
 11223 | D:7      | Learned a level 3 spell: Inner Flame
 11300 | D:8      | Found a stormy altar of Qazlal.
 11353 | D:8      | Noticed a two-headed ogre
 11366 | D:8      | Killed a two-headed ogre
 11497 | D:8      | Found a hazy altar of Hepliaklqana.
 11502 | D:8      | Found a shimmering blue altar of Sif Muna.
 11557 | D:8      | Found a staircase to the Lair.
 11568 | D:8      | Found a white marble altar of Elyvilon.
 11585 | D:8      | Reached * piety under Cheibriados
 11586 | D:8      | Reached skill level 5 in Conjurations
 11653 | D:8      | Found a sparkling altar of Nemelex Xobeh.
 11773 | D:8      | Found a sand-covered staircase.
 11781 | Ossuary  | Entered an ossuary
 12606 | D:9      | Noticed Joseph
 12631 | Lair:1   | Entered Level 1 of the Lair of Beasts
 12840 | Lair:1   | Reached ** piety under Cheibriados
 12950 | Lair:1   | Noticed a cane toad
 12961 | Lair:1   | Killed a cane toad
 12976 | Lair:1   | Noticed a black mamba
 12987 | Lair:1   | Noticed a cane toad
 12988 | Lair:1   | Killed a black mamba
 12989 | Lair:1   | Reached skill level 5 in Hexes
 12989 | Lair:1   | Reached skill level 5 in Summonings
 12989 | Lair:1   | Reached skill level 5 in Necromancy
 12989 | Lair:1   | Reached skill level 5 in Translocations
 12989 | Lair:1   | Reached skill level 5 in Transmutations
 12989 | Lair:1   | Reached skill level 5 in Ice Magic
 12989 | Lair:1   | Reached skill level 5 in Air Magic
 12989 | Lair:1   | Reached skill level 5 in Earth Magic
 12989 | Lair:1   | Reached skill level 5 in Poison Magic
 12989 | Lair:1   | Reached XP level 11. HP: 50/81 MP: 9/22
 13846 | Lair:1   | Reached *** piety under Cheibriados
 14445 | Lair:2   | Noticed a six-headed hydra
 14467 | Lair:2   | HP: 1/83 [six-headed hydra (12)]
 14468 | Lair:2   | Mangled by a six-headed hydra

Illustrated notes

Levels and vault maps discovered:
D:1:      minmay_arrival_open_corners, layout_loops_ring
D:2:      layout_loops_ring, nicolae_underground_beach
D:3:      corexii_shack_village, layout_basic, fedhas_ov_isle_minmay,
          nicolae_tso_swordbearing_angel, uniq_natasha
D:4:      layout_basic, kennysheep_mini
D:5:      layout_loops_corners, serial_glass, glass_columns_a, glass_columns_c,
          serial_shops, nicolae_shop_behind_doors, kennysheep_big_empty_room,
          grunt_ministairs_3
D:6:      minmay_bubble_buster, layout_basic, lemuel_crystal_altar,
          kennysheep_little_box, uniq_sigmund
D:7:      layout_basic, minmay_temple_entry_butterflies, minmay_misc_feat_rows
D:8:      layout_cave_pools, nemelex_spade_bored_becter, grunt_qazlal_clouds,
          grunt_temple_overflow_open, lair_entry_dummy, enter_ossuary_4
D:9:      layout_gridville, kennysheep_okawaru_gauntlet,
          ebering_ghost_rock_garden, nrook_uturn, minivault_12, uniq_joseph
Temple:   hellmonk_temple_forest_ring
Lair:1:   layout_concentric_octagons, lemuel_fruit_tree, grunt_megastairs_1,
          infiniplex_staircase_pool_2
Lair:2:   layout_loops_ring, minmay_shoals_entry_hut,
          spider_nest_entry_web_field, grunt_megastairs_2, lemuel_fruit_fields

Skill      XL: |  1  2  3  4  5  6  7  8  9 10 11 |
---------------+----------------------------------+-----
Conjurations   | 2 3 4 5 6 |  6.0
Spellcasting   | 5 6 7 8 |  8.5
Invocations    | 1 2 3 4 5 6 7 |  7.4
Fighting       | 1 2 3 4 5 6 |  6.7
Short Blades   | 1 2 3 4 5 6 |  6.7
Long Blades    | 1 2 3 4 5 6 |  6.7
Axes           | 1 2 3 4 5 6 |  6.7
Maces & Flails | 1 2 3 4 5 6 |  6.7
Polearms       | 1 2 3 4 5 6 |  6.7
Staves         | 1 2 3 4 5 6 |  6.7
Ranged Weapons | 1 2 3 4 5 6 |  6.7
Throwing       | 1 2 3 4 5 6 |  6.7
Armour         | 1 2 3 4 5 6 |  6.7
Shields        | 1 2 3 4 5 6 |  6.7
Unarmed Combat | 1 2 3 4 5 6 |  6.7
Evocations     | 1 2 3 4 5 6 |  6.7
Hexes          | 1 2 3 4 5 |  5.6
Summonings     | 1 2 3 4 5 |  5.6
Necromancy     | 1 2 3 4 5 |  5.6
Translocations | 1 2 3 4 5 |  5.6
Transmutations | 1 2 3 4 5 |  5.6
Ice Magic      | 1 2 3 4 5 |  5.6
Air Magic      | 1 2 3 4 5 |  5.6
Earth Magic    | 1 2 3 4 5 |  5.6
Poison Magic   | 1 2 3 4 5 |  5.6
Dodging        | 5 6 7 8 |  8.2
Stealth        | 5 6 7 8 |  8.0
Fire Magic     | 6 7 |  7.9

Action                     |  1- 3 |  4- 6 |  7- 9 | 10-12 || total
---------------------------+-------+-------+-------+-------++-------
  Melee: Mace              |     1 |     2 |     3 |     2 ||     8
   Cast: Foxfire           |   106 |   144 |   173 |   177 ||   600
         Scorch            |       |    39 |    82 |    42 ||   163
         Flame Wave        |       |       |       |    13 ||    13
 Invoke: Bend Time         |       |       |       |     1 ||     1
  Evoke: Wand              |       |       |    13 |     5 ||    18
    Use: Scroll            |       |     3 |     7 |     9 ||    19
         Potion            |       |     1 |     1 |     4 ||     6
 Armour: Robe              |     3 |    10 |    23 |    22 ||    58
  Dodge: Dodged            |     9 |    41 |    85 |   165 ||   300

Table legend: (Time is in decaauts)
 A = Elapsed time spent in this place.
 B = Non-inter-level travel time spent in this place.
 C = Inter-level travel time spent in this place.
 D = Time resting spent in this place.
 E = Time spent auto-exploring this place.
 F = Levels seen in this place.
 G = Mean time per level.
                   A        B        C        D        E       F      G
               +--------+--------+--------+--------+--------+-----+--------+
         Total |  15232 |  14800 |    432 |   2654 |   9925 |  13 | 1171.7 |
       Dungeon |  12284 |  11916 |    368 |   1964 |   8277 |   9 | 1364.9 |
        Temple |    178 |    137 |     41 |      0 |    125 |   1 |  178.0 |
          Lair |   2062 |   2040 |     22 |    438 |   1273 |   2 | 1031.0 |
       Ossuary |    706 |    706 |      0 |    251 |    250 |   1 |  706.0 |
               +--------+--------+--------+--------+--------+-----+--------+

Top non-repeatable levels by time:
     D:6: 1959 daAuts
     D:7: 1951 daAuts
     D:5: 1746 daAuts
  Lair:1: 1668 daAuts
     D:3: 1618 daAuts
     D:4: 1508 daAuts
     D:1: 1368 daAuts
     D:2: 1077 daAuts
     D:8: 957 daAuts
 Ossuary: 706 daAuts
  Lair:2: 393 daAuts
  Temple: 178 daAuts
     D:9: 97 daAuts
